 Dungeon Crawl Stone Soup version 0.31-a0-348-g810772c3d7 (webtiles) character file.

Game seed: 5306569152846900296

2 AdnanSaban the Trooper (level 1, -2/14 HPs)
             Began as a Gargoyle Fighter on July 23, 2023.
             Slain by a hobgoblin (4 damage)
             ... on level 1 of the Dungeon.
             The game lasted 00:00:08 (77 turns).

AdnanSaban the Trooper (Gargoyle Fighter)             Turns: 77, Time: 00:00:08

Health: -2/14      AC:  9    Str: 19    XL:     1   Next: 40%
Magic:  1/1        EV:  9    Int:  8    God:
Gold:   24         SH:  4    Dex:  9    Spells: 0/0 levels left

rFire   . . .        a - +0 flail
rCold   . . .        c - +0 buckler
rNeg    + . .        b - +0 scale mail
rPois   ∞            (no helmet)
rElec   +            (no cloak)
rCorr   .            (no gloves)
SInv    .            (no boots)
Will    .....        (no amulet) Stlth
                     (no ring)
HPRegen 0.22/turn    (no ring)
MPRegen 0.07/turn

%: no passive effects
@: no status effects
A: sickness immunity, AC +2, negative energy resistance 1, electricity
resistance, torment resistance 1, petrification resistance
a: no special abilities


You were on level 1 of the Dungeon.
You visited 1 branch of the dungeon, and saw 1 of its levels.

You collected 24 gold pieces.

Inventory:

Hand Weapons
 a - a +0 flail (weapon)
Armour
 b - a +0 scale mail (worn)
 c - a +0 buckler (worn)
Potions
 d - a potion of might
 e - 2 potions of berserk rage {unknown}
 f - a potion of degeneration {unknown}


   Skills:
 + Level 3.4 Fighting
 + Level 2.0 Maces & Flails
 + Level 3.3 Armour
 + Level 3.3 Shields


You couldn't memorise any spells.
You didn't know any spells.
Your spell library was empty.

Dungeon Overview and Level Annotations

Branches:
Dungeon (1/15)

Altars:


Innate Abilities, Weirdness & Mutations

You are immune to sickness and miasma.
Your stone body is resilient. (AC +2)
You are immune to poison.
You resist negative energy. (rN+)
You are resistant to electric shocks. (rElec)
You are resistant to unholy torment.
You are immune to petrification.


Message History

You are too injured to fight recklessly!
You are too injured to fight recklessly!
You are too injured to fight recklessly!
You are too injured to fight recklessly!
You are too injured to fight recklessly!
You are too injured to fight recklessly!
You are too injured to fight recklessly!
You are too injured to fight recklessly!
You are too injured to fight recklessly!
You are too injured to fight recklessly!
You are too injured to fight recklessly!
You are too injured to fight recklessly!
You are too injured to fight recklessly!
The hobgoblin attacks as you move away!
The hobgoblin hits you but does no damage.
A hobgoblin comes into view.
The hobgoblin shouts!
You hit the hobgoblin.
You kill the hobgoblin!
You barely miss the hobgoblin. You block the hobgoblin's attack.
A hobgoblin comes into view.
You closely miss the hobgoblin.
The hobgoblin shouts!
The hobgoblin closely misses you.
The hobgoblin hits you but does no damage.
You hit the hobgoblin.
The hobgoblin is almost dead.
The hobgoblin hits you.
You hit the hobgoblin.
You kill the hobgoblin!
The hobgoblin closely misses you. The hobgoblin closely misses you.
You barely miss the hobgoblin. The hobgoblin hits you.
You barely miss the hobgoblin. The hobgoblin barely misses you.
The hobgoblin hits you.
* * * LOW HITPOINT WARNING * * *
You hit the hobgoblin.
The hobgoblin is severely wounded.
The hobgoblin hits you.
You die...

.### ....######
......~~~ .
~~~~≈~.# ≈~≈ ..~..#
≈≈...##..##
≈......†.g#
.....#.##g# ..# #.
#@## #. #..##
####### #. ##..#
######..#..# #.
##.###.~.#.~~~~.~
#.
##.##P~##~~.~~~##
#.
#..##.......P~.P.
##........P.~.....
#.....~........P.~
##........P~P...P..


You could see 2 hobgoblins.

Vanquished Creatures
  2 hobgoblins (D:1)
2 creatures vanquished.

Notes
Turn   | Place    | Note
-------+----------+-------------------------------------------
     0 | D:1      | AdnanSaban the Gargoyle Fighter began the quest for the
                  | Orb.
     0 | D:1      | Reached XP level 1. HP: 14/14 MP: 1/1
    77 | D:1      | Slain by a hobgoblin

Illustrated notes

Levels and vault maps discovered:
D:1:      lemuel_arrival_muddy, layout_basic, chequers_serial_rivers_small_a,
          wad_floor_pattern_untrapped, minmay_tall_x

Action                     || total
---------------------------++-------
  Melee: Flail             ||    15
 Armour: Scale mail        ||     7
  Dodge: Dodged            ||     8
  Block: Buckler           ||     3

Table legend: (Time is in decaauts)
 A = Elapsed time spent in this place.
 B = Non-inter-level travel time spent in this place.
 C = Inter-level travel time spent in this place.
 D = Time resting spent in this place.
 E = Time spent auto-exploring this place.
 F = Levels seen in this place.
 G = Mean time per level.
                   A        B        C        D        E       F      G
               +--------+--------+--------+--------+--------+-----+--------+
         Total |     84 |     84 |      0 |      0 |     56 |   1 |   84.0 |
       Dungeon |     84 |     84 |      0 |      0 |     56 |   1 |   84.0 |
               +--------+--------+--------+--------+--------+-----+--------+

Top non-repeatable levels by time:
     D:1: 84 daAuts
